 Dungeon Crawl Stone Soup version 0.30-a0-458-g86641cc369 (webtiles) character file.

Game seed: 2048340941430167171

81 wvc the Firebug (level 4, -3/30 HPs)
             Began as a Human Fire Elementalist on Dec 14, 2022.
             Splashed by a jelly's acid (7 damage)
             ... on level 2 of the Dungeon.
             The game lasted 00:05:48 (1739 turns).

wvc the Firebug (Human Fire Elementalist)           Turns: 1739, Time: 00:05:48

Health: -3/30      AC: -1    Str:  8    XL:     4   Next: 68%
Magic:  6/8        EV: 16    Int: 18    God:
Gold:   112        SH:  0    Dex: 13    Spells: 7/8 levels left

rFire   . . .      SeeInvis .    c - +3 spear (venom)
rCold   . . .      Faith    .    (no shield)
rNeg    . . .      Spirit   .    a - +0 robe
rPois   .          Reflect  .    (no helmet)
rElec   .          Harm     .    l - +0 cloak
rCorr   .          Rampage  .    (no gloves)
Will    .....                    (no boots)
Stlth   ++........               (no amulet)
HPRegen 0.25/turn                k - +4 ring of evasion
MPRegen 0.11/turn                (no ring)

@: corroded
A: no striking features
a: no special abilities


You were on level 2 of the Dungeon.
You visited 1 branch of the dungeon, and saw 2 of its levels.

You collected 112 gold pieces.

Inventory:

Hand Weapons
 c - a +3 spear of venom (weapon)
Missiles
 p - 9 poisoned darts
Armour
 a - a +0 robe (worn)
 l - a +0 cloak (worn)
Magical Staves
 g - a staff of cold
Jewellery
 k - a +4 ring of evasion (left hand)
 q - an amulet of faith
Scrolls
 h - a scroll of silence {unknown}
 i - 3 scrolls of identify
 n - 2 scrolls of fog
 o - a scroll of enchant weapon
Potions
 b - a potion of magic
 d - a potion of curing {unknown}
 e - 2 potions of brilliance
 f - a potion of resistance {unknown}
 j - a potion of degeneration {unknown}
 m - a potion of heal wounds {unknown}


   Skills:
 - Level 2.0 Dodging
 - Level 2.0 Stealth
 * Level 2.9 Spellcasting
 + Level 1.1 Conjurations
 * Level 4.4 Fire Magic


You had 7 spell levels left.
You knew the following spells:

 Your Spells              Type           Power      Damage    Failure   Level
a - Foxfire               Conj/Fire      48%        2x1d6     5%          1

Your spell library contained the following spells:

 Spells                   Type           Power      Damage    Failure   Level
 Scorch                   Fire           36%        2d6       4%          2
 Inner Flame              Hex/Fire       10%        N/A       21%         3
 Kindle Blastsparks       Fire/Tloc/Air  14%        2d11      26%         3
 Flame Wave               Conj/Fire      12%        2d6       45%         4


Dungeon Overview and Level Annotations

Branches:
Dungeon (2/15)

Altars:

Annotations:
D:2 1 runed translucent door, Crazy Yiuf


Message History

You start resting.
You hear a slurping noise.
The jelly eats the door!
The jelly attacks as you move away! The jelly barely misses you.
The jelly closely misses you. The jelly attacks as you move away!
The jelly hits you but does no damage.
Okay, then.
Casting: Foxfire (safe; 5% risk of failure)
Press: ? - help, Q - select action, (/) - cycle Dir - look around, f - activate You conjure some foxfire!
The jelly barely misses you.
The foxfire hits the jelly.
The jelly is lightly wounded.
The foxfire hits the endoplasm but does no damage.
There is an open gate here.
The endoplasm attacks as you move away! The endoplasm completely misses you.
The jelly attacks as you move away! The jelly misses you.
The jelly attacks as you move away! The jelly completely misses you.
The jelly attacks as you move away! The jelly barely misses you.
The jelly attacks as you move away! The jelly misses you.
The jelly attacks as you move away! The jelly hits you. The acid corrodes you!
You are splashed with acid!
* * * LOW HITPOINT WARNING * * *
The endoplasm jiggles.
The jelly attacks as you move away! The jelly misses you.
The jelly attacks as you move away! The jelly closely misses you.
Casting: Foxfire (safe; 5% risk of failure)
Press: ? - help, Q - select action, (/) - cycle Dir - look around, f - activate You conjure some foxfire!
The jelly barely misses you.
The foxfire hits the endoplasm.
The endoplasm is lightly wounded.
Casting: Foxfire (safe; 5% risk of failure)
Press: ? - help, Q - select action, (/) - cycle Dir - look around, f - activate You conjure some foxfire!
The foxfire hits the jelly.
The jelly is moderately wounded.
The jelly hits you.
* * * LOW HITPOINT WARNING * * *
You are splashed with acid!
You die...

#..#.#..#.#.#.#####.....#
#.......#.#.........###.#
#.......#.###.####..###.#
########.#.##.##.....# #)...#.#
..............############.#.#.##
.#########.####.......##........#
...# #.# #.......##........# ''##
###.####J.v....##........# ).##
#.......J@.....##........# )..##
#.#.###..v.....##........# ....#
#..#.##........##........# ....#
#.###.#.###.#####........# ....#
#..#....# ### ########## ....#
#.#..#..# ....# #.......#########
....# #.##.......#P.#.### ###
##### ##.###...#......#..##...#


You could see a jelly (ally target) and an endoplasm (ally target).

Vanquished Creatures
  A jelly (D:2)
  An adder (D:2)
  7 bats
  2 endoplasms (D:2)
  3 giant cockroaches
  3 hobgoblins
  4 jackals (D:1)
  10 kobolds
  A quokka (D:1)
  5 ball pythons
  2 goblins (D:1)
  A rat (D:1)
40 creatures vanquished.

Vanquished Creatures (others)
  25 foxfires
  4 fungi (D:2)
  6 toadstools (D:2)
35 creatures vanquished.

Grand Total: 75 creatures vanquished

Notes
Turn   | Place    | Note
-------+----------+-------------------------------------------
     0 | D:1      | wvc the Human Fire Elementalist began the quest for the
                  | Orb.
     0 | D:1      | Reached XP level 1. HP: 13/13 MP: 3/3
   179 | D:1      | Reached XP level 2. HP: 19/19 MP: 5/5
   784 | D:1      | Reached XP level 3. HP: 24/24 MP: 6/6
  1555 | D:2      | Found a runed translucent door.
  1556 | D:2      | Noticed Crazy Yiuf
  1598 | D:2      | Reached skill level 4 in Fire Magic
  1601 | D:2      | Reached XP level 4. HP: 30/30 MP: 0/8
  1739 | D:2      | Splashed by a jelly's acid

Illustrated notes

Levels and vault maps discovered:
D:1:      lightli_arrival_statuegarden, layout_loops_ring
D:2:      cheibrodos_fertilizer, layout_loops_cross, uniq_crazy_yiuf_cottage

Skill      XL: |  1  2  3 |
---------------+----------+-----
Fire Magic     | 4 |  4.4
Dodging        | |  2.0
Stealth        | |  2.0
Spellcasting   | |  2.9
Conjurations   | |  1.1

Action                   |  1- 3 |  4- 6 || total
-------------------------+-------+-------++-------
Melee: Unarmed           |     7 |       ||     7
       Spear             |    73 |     8 ||    81
 Cast: Foxfire           |    11 |     3 ||    14
  Use: Scroll            |     6 |       ||     6
 Stab: Sleeping          |     6 |     1 ||     7
Armor: Robe              |    23 |     3 ||    26
Dodge: Dodged            |    51 |    17 ||    68

Table legend: (Time is in decaauts)
 A = Elapsed time spent in this place.
 B = Non-inter-level travel time spent in this place.
 C = Inter-level travel time spent in this place.
 D = Time resting spent in this place.
 E = Time spent auto-exploring this place.
 F = Levels seen in this place.
 G = Mean time per level.
                   A        B        C        D        E       F      G
               +--------+--------+--------+--------+--------+-----+--------+
         Total |   1745 |   1701 |     44 |     62 |   1307 |   2 |  872.5 |
       Dungeon |   1745 |   1701 |     44 |     62 |   1307 |   2 |  872.5 |
               +--------+--------+--------+--------+--------+-----+--------+

Top non-repeatable levels by time:
     D:1: 913 daAuts
     D:2: 832 daAuts
